 Dungeon Crawl Stone Soup version 0.31-a0-851-g7ff8af7976 (webtiles) character file.

Game seed: 8316998801435511904

38654 Gladio the Grappler (level 13, -1/137 HPs)
             Began as a Troll Shapeshifter on Oct 5, 2023.
             Was a High Priest of Wu Jian.
             Slain by a komodo dragon (7 damage)
             ... while petrified by a basilisk
             ... on level 5 of the Lair of Beasts.
             The game lasted 01:02:48 (12135 turns).

Gladio the Grappler (Troll Shapeshifter)           Turns: 12135, Time: 01:02:49

Health: -1/137     AC:  9    Str: 27    XL:     13   Next: 65%
Magic:  0/12       EV:  1    Int:  6    God:    Wu Jian [*****.]
Gold:   486        SH:  0    Dex: 11    Spells: 12/12 levels left

rFire   . .          .
                       - Unarmed
rCold   . . .        (shield currently unavailable)
rNeg    + + +        K - +0 troll leather armour
rPois   ∞            (helmet restricted)
rElec   .            (no cloak)
rCorr   .            (gloves unavailable)
SInv    .            (boots unavailable)
Will    .....        y - amulet of guardian spirit
Stlth   +            a - +4 ring of protection
HPRegen 2.02/turn    (no ring)
MPRegen 0.13/turn

%: guardian spirit
@: flux-form, petrified, glowing
A: glow, contaminating, large, unfitting armour, claws 3, regeneration 1, shaggy
fur 1, tough skin 1
a: Begin Untransformation, Renounce Religion, Wall Jump, Serpent's Lash,
Heavenly Storm


You were on level 5 of the Lair of Beasts.
You worshipped Wu Jian.
Wu Jian was extremely pleased with you.
You were something dangerously unstable.
You visited 3 branches of the dungeon, and saw 16 of its levels.

You collected 990 gold pieces.
You spent 504 gold pieces at shops.

Inventory:

Missiles
 n - 3 silver javelins
 o - 4 large rocks
Armour
 F - a +2 robe of willpower
 J - the +1 robe "Jeri Lav" {rPois rCorr Int-2}
   (You took it off an orc priest on level 9 of the Dungeon)

   Int-2:     It affects your intelligence (-2).
   rPois:     It protects you from poison rCorr: It protects you from acid and
   corrosion.
 K - a +0 troll leather armour (worn)
Jewellery
 a - a +4 ring of protection (left claw)
 s - a ring of flight
 y - an amulet of guardian spirit (around neck)
 H - a ring of wizardry
 L - a ring of fire
 M - an amulet of magic regeneration
 P - an amulet of reflection
Talismans
 c - a beast talisman
 d - a flux talisman (active)
Wands
 i - a wand of acid (5)
 m - a wand of flame (57)
 w - a wand of iceblast (13)
Scrolls
 e - 7 scrolls of teleportation
 h - a scroll of silence
 k - a scroll of revelation
 l - a scroll of brand weapon
 q - 2 scrolls of blinking
 r - a scroll of immolation
 t - 2 scrolls of amnesia
 u - a scroll of acquirement {unknown}
 v - 3 scrolls of poison
 x - 3 scrolls of fear
 B - 2 scrolls of fog
 D - 2 scrolls of noise
 G - a scroll of summoning
 O - a scroll of enchant armour
 Q - a scroll of vulnerability {unknown}
Potions
 b - 4 potions of lignification
 f - 3 potions of brilliance
 g - 2 potions of curing
 j - 2 potions of heal wounds
 p - a potion of cancellation {unknown}
 z - 2 potions of mutation
 A - a potion of haste
 C - a potion of attraction
 E - a potion of might
 I - a potion of magic {unknown}
 N - a potion of enlightenment {unknown}


   Skills:
 * Level 11.0 Fighting
 + Level 8.0 Dodging
 * Level 13.1 Unarmed Combat
 * Level 12.1 Shapeshifting


You had 12 spell levels left.
You didn't know any spells.
Your spell library contained the following spells:

 Spells                   Type           Power      Damage    Failure   Level
 Freeze                   Ice            0%         1d3       50%         1
 Magic Dart               Conj           0%         1d3       50%         1
 Blink                    Tloc           0%         N/A       63%         2
 Cigotuvi's Dreadful Rot  Necr/Pois/Air  0%         N/A       63%         2
 Poisonous Vapours        Pois/Air       0%         N/A       63%         2
 Searing Ray              Conj           0%         2d4       63%         2
 Frozen Ramparts          Ice            0%         1d1       86%         3
 Hailstorm                Conj/Ice       0%         3d3       86%         3
 Mephitic Cloud           Conj/Pois/Air  0%         N/A       86%         3
 Tukima's Dance           Hex            0%         N/A       86%         3
 Dimensional Bullseye     Hex/Tloc       0%         N/A       99%         4
 Dispel Undead            Necr           0%         3d6       99%         4
 Fulminant Prism          Conj/Hex       0%         3d5       99%         4
 Iskenderun's Mystic Bla  Conj/Tloc      0%         2d3       99%         4
 Manifold Assault         Tloc           0%         N/A       99%         4
 Olgreb's Toxic Radiance  Pois           0%         N/A       99%         4
 Freezing Cloud           Conj/Ice/Air   0%         6-21      100%        5
 Death Channel            Necr           0%         N/A       100%        6
 Dispersal                Tloc           0%         N/A       100%        6
 Malign Gateway           Summ/Tloc      0%         N/A       100%        7
 Discord                  Hex            0%         N/A       100%        8
 Disjunction              Tloc           0%         N/A       100%        8
 Ignition                 Fire           0%         3d3       100%        8
 Summon Horrible Things   Summ           0%         N/A       100%        8


Dungeon Overview and Level Annotations

Branches:
Dungeon (10/15)            Temple (1/1) D:5            Lair (5/5) D:8
 Shoals (0/4) Lair:3        Snake (0/4) Lair:2        Slime (0/5) Lair:5
    Orc (0/2) D:9

Altars:
Ashenzari
Cheibriados
Dithmenos
Elyvilon
Fedhas
Gozag
Hepliaklqana
Kikubaaqudgha
Makhleb
Nemelex Xobeh
Okawaru
Qazlal
Ru
Sif Muna
Trog
Uskayaw
Vehumet
Wu Jian
Xom
Yredelemnul
Zin
The Shining One

Shops:
D:3 *   D:4 ?   D:8 =   D:10 ?

Annotations:
D:8 4 transporters
Lair:1 3 exclusions


Innate Abilities, Weirdness & Mutations

You are something dangerously unstable.
You glow with magical radiation, making you easy to see and hit.
Foes you strike become dangerously contaminated with magical radiation.
You are immune to poison.
You are incapable of wielding weapons or throwing items.
You are too large for most types of armour.
You have claws for hands.
Your natural rate of healing is unusually fast.
You are covered in fur. (AC +1)
You have tough skin. (AC +1)


Message History

* * * LOW HITPOINT WARNING * * *
The wolf bites you.
* * * LOW HITPOINT WARNING * * *
The komodo dragon bites you!
* * * LOW HITPOINT WARNING * * *
The wolf bites you but does no damage. x2; The wolf bites you!
* * * LOW HITPOINT WARNING * * *
The wolf bites you.
The basilisk bites you but does no damage.
The wolf bites you!
* * * LOW HITPOINT WARNING * * *
The wolf bites you.
* * * LOW HITPOINT WARNING * * *
The wolf bites you but does no damage. x2
The komodo dragon bites you but does no damage.
The wolf bites you.
* * * LOW HITPOINT WARNING * * *
The wolf bites you but does no damage. The basilisk gazes at you.
You easily resist.
The wolf bites you. The wolf bites you but does no damage. The wolf bites you.
* * * LOW HITPOINT WARNING * * *
The wolf bites you!
* * * LOW HITPOINT WARNING * * *
The wolf bites you.
* * * LOW HITPOINT WARNING * * *
The komodo dragon hisses menacingly.
The komodo dragon bites you!
* * * LOW HITPOINT WARNING * * *
The wolf bites you but does no damage.
The basilisk bites you but does no damage.
The wolf bites you.
* * * LOW HITPOINT WARNING * * *
The wolf bites you but does no damage. The wolf bites you.
* * * LOW HITPOINT WARNING * * *
The wolf bites you but does no damage. The wolf bites you!
* * * LOW HITPOINT WARNING * * *
The komodo dragon bites you!
You die...

,,,,,,,,,,,,,,,,,*
,,,,,,,,,........#
,,,,,,,,,.......)#
,,,,,,,,,........##
,,,,,,,,,.........#
,,,,,,,,,........$#
,,,,,,,,,.......h.*
,,,,,,,,,......hl##
,,,,,,,,,......lph#
,,,,,,,,,......hh##
***,,,,,,........##
******,,,.........##
,,,,**,,,..........#
,,,,,,,*,.........##
,,,,,,*,,.........#
,,,,,,,,*#........#
,,,,,*,,*#........#


You could see a komodo dragon, a basilisk (contam) and 5 wolves.

Vanquished Creatures
  Josephine (Lair:4)
  A hydra (Lair:4)
  2 catoblepae
  3 two-headed ogres
  Sonja (Lair:2)
  A skyshark (Lair:5)
  Pikel (D:9)
  2 manticores (Lair:4)
  9 elephants
  A gargoyle (D:10)
  3 black mambas
  5 cane toads
  7 komodo dragons
  4 trolls
  3 polar bears
  2 hornets
  5 dream sheep (Lair:2)
  14 blink frogs
  6 wraiths
  A wyvern (D:9)
  6 basilisks
  51 yaks
  Edmund (D:5)
  2 nagas (Lair:2)
  A warg (D:6)
  17 water moccasins
  An ice beast (D:7)
  6 orc warriors
  8 ogres
  3 black bears
  21 wolves
  5 centaurs
  5 kobold brigands
  A lemure (D:9)
  12 bullfrogs
  8 gnoll sergeants
  3 scorpions
  8 wights
  12 howler monkeys
  4 crimson imps (D:8)
  2 jellies
  14 hounds
  4 gnoll boudas
  10 orc priests
  7 iguanas
  15 orc wizards
  15 gnolls
  6 adders
  A shadow imp (D:8)
  An ufetubus (D:4)
  5 worms
  A dart slug (D:3)
  27 orcs
  7 bats
  5 endoplasms
  5 giant cockroaches
  8 goblins
  3 hobgoblins
  3 quokkas
  6 ball pythons
  2 frilled lizards (D:1)
  14 kobolds
  4 rats
412 creatures vanquished.

Notes
Turn   | Place    | Note
-------+----------+-------------------------------------------
     0 | D:1      | Gladio the Troll Shapeshifter began the quest for the Orb.
     0 | D:1      | Reached XP level 1. HP: 18/18 MP: 0/0
    86 | D:1      | Reached skill level 1 in Fighting
   174 | D:1      | Reached XP level 2. HP: 27/27 MP: 1/1
  1094 | D:2      | Reached XP level 3. HP: 33/33 MP: 2/2
  1602 | D:3      | Reached XP level 4. HP: 38/42 MP: 3/3
  1899 | D:3      | Found Zin's Purification Station.
  1909 | D:3      | Found a glowing silver altar of Zin.
  2229 | D:4      | Reached XP level 5. HP: 36/49 MP: 4/4
  2268 | D:4      | Reached skill level 4 in Unarmed Combat
  2373 | D:4      | Reached XP level 6. HP: 37/59 MP: 5/5
  2414 | D:4      | Found Nuifollo's Magic Scroll Shop.
  2706 | D:5      | Entered Level 5 of the Dungeon
  2893 | D:5      | Reached skill level 5 in Unarmed Combat
  2893 | D:5      | Reached XP level 7. HP: 54/67 MP: 6/6
  2994 | D:5      | Found a staircase to the Ecumenical Temple.
  3003 | Temple   | Entered the Ecumenical Temple
  3044 | Temple   | Became a worshipper of the Wu Jian Council
  3198 | D:5      | Noticed Edmund
  3207 | D:5      | Killed Edmund
  3208 | D:5      | Reached skill level 5 in Shapeshifting
  3490 | D:6      | Reached XP level 8. HP: 35/78 MP: 3/7
  3612 | D:6      | Reached skill level 6 in Unarmed Combat
  3697 | D:6      | Identified the +7 long sword of Dusobuno {flame, Will+
                  | Int+3}
  3788 | D:6      | Reached skill level 5 in Fighting
  3789 | D:6      | Reached * piety under Wu Jian
  3812 | D:6      | HP: 4/80 [gnoll/bolt of acid (7)]
  3948 | D:6      | Reached XP level 9. HP: 86/88 MP: 6/8
  3966 | D:6      | Reached skill level 7 in Unarmed Combat
  4013 | D:6      | Noticed a two-headed ogre
  4180 | D:6      | Reached ** piety under Wu Jian
  4301 | D:6      | Killed a two-headed ogre
  4302 | D:6      | Reached skill level 8 in Unarmed Combat
  4562 | D:7      | Reached XP level 10. HP: 89/100 MP: 6/9
  4967 | D:7      | Reached skill level 5 in Dodging
  5150 | D:8      | Found a transporter.
  5152 | D:8      | Found a transporter.
  5152 | D:8      | Noticed a boulder beetle
  5205 | D:8      | Found Oleumaon's Jewellery Shop.
  5277 | D:8      | Found a transporter.
  5317 | D:8      | Found a transporter.
  5341 | D:8      | Found a shimmering altar of Xom.
  5349 | D:8      | Paralysed by a hornet for 2 turns
  5358 | D:8      | Reached *** piety under Wu Jian
  5510 | D:8      | Found a staircase to the Lair.
  5634 | D:8      | Reached skill level 9 in Unarmed Combat
  5915 | D:9      | Noticed Pikel
  5937 | D:9      | Killed Pikel
  5971 | D:9      | Found a staircase to the Orcish Mines.
  6101 | D:9      | Noticed a two-headed ogre
  6120 | D:9      | Killed a two-headed ogre
  6129 | D:9      | Reached XP level 11. HP: 73/110 MP: 7/10
  6351 | D:9      | Identified the +1 robe "Jeri Lav" {rPois rCorr Int-2}
  6560 | D:9      | Reached **** piety under Wu Jian
  6564 | D:9      | Reached skill level 10 in Unarmed Combat
  7029 | D:10     | Entered Level 10 of the Dungeon
  7154 | D:10     | Noticed a two-headed ogre
  7162 | D:10     | Killed a two-headed ogre
  7390 | D:8      | Bought a +4 ring of protection for 504 gold pieces
  7521 | D:10     | Found Zagiucwe's Magic Scroll Emporium.
  7997 | Lair:1   | Entered Level 1 of the Lair of Beasts
  8128 | Lair:1   | Reached skill level 10 in Shapeshifting
  8438 | Lair:1   | Reached XP level 12. HP: 114/123 MP: 9/11
  8446 | Lair:1   | Reached skill level 11 in Unarmed Combat
  9083 | Lair:2   | Noticed Sonja
  9088 | Lair:2   | Killed Sonja
  9174 | Lair:2   | Reached ***** piety under Wu Jian
  9195 | Lair:2   | Found a staircase to the Snake Pit.
  9316 | Lair:2   | Found the +11 Singing Sword {sonic wave}
  9504 | Lair:2   | Reached skill level 10 in Fighting
  9643 | Lair:2   | Reached skill level 12 in Unarmed Combat
 10083 | Lair:3   | Reached XP level 13. HP: 117/133 MP: 9/12
 10137 | Lair:3   | Found a staircase to the Shoals.
 11188 | Lair:4   | Noticed Josephine
 11199 | Lair:4   | Killed Josephine
 11586 | Lair:4   | Reached skill level 13 in Unarmed Combat
 12010 | Lair:5   | Entered Level 5 of the Lair of Beasts
 12135 | Lair:5   | HP: 6/137 [wolf (3)]
 12135 | Lair:5   | Slain by a komodo dragon

Illustrated notes

Levels and vault maps discovered:
D:1:      onia_arrival_mini_spirals, layout_basic
D:2:      layout_basic, kennysheep_generic_room_15
D:3:      minmay_skewed_foursquare, layout_loops_ring, zin_purify
D:4:      layout_basic, serial_shops, nicolae_shop_rolled_up
D:5:      layout_rooms, minmay_temple_entry_poolview,
          amcnicky_mini_corridor_feature, uniq_edmund
D:6:      lemuel_castle_with_subvaults [lemuel_castle_interior_carwin_2],
          layout_rooms
D:7:      layout_rooms, dk_noncrumbling_3
D:8:      gammafunk_boulding_lane, layout_rooms, led_xom_imps,
          grunt_lair_entry_orc_guard_hut, serial_shops, kennysheep_little_box,
          gammafunk_ghost_abyssal_escape
D:9:      minmay_the_grid_octo_tiled_squarecenter
          [minmay_the_grid_octo_fan_narrow, minmay_the_grid_octo_odd_swirl,
          minmay_the_grid_octo_toaster, minmay_the_grid_octo_fat_diamond,
          minmay_the_grid_square_5x5_megaprize_hollow,
          minmay_the_grid_square_5x5_fancy_junction,
          minmay_the_grid_square_5x5_almost_minimal,
          minmay_the_grid_square_5x5_gyroscope,
          minmay_the_grid_square_5x5_two_walls_a], layout_loops_ring,
          serial_bayou_pond_a, minivault_1, uniq_pikel
D:10:     layout_basic, serial_shops, shop
Temple:   mainiacjoe_temple_big_plus
Lair:1:   layout_cave_shapes, cheibrodos_lair_caveside_slide,
          serial_bayou_shore_b, lemuel_fruit_tree, grunt_megastairs_5,
          infiniplex_staircase_pool_2
Lair:2:   layout_cave_pods, guppyfry_snake_entry_garden,
          dreamdust_gnoll_shepherd, uniq_sonja
Lair:3:   layout_chaotic_city, elwin_shoals_entry_rocks,
          chequers_serial_rivers_small_a, grunt_megastairs_2
Lair:4:   nzn_motion_control, layout_long_grid, patterned_corridor,
          uniq_josephine
Lair:5:   hangedman_lair_in_review, layout_regular_city, slime_entry_1,
          infiniplex_staircase_pool, serial_bayou_shore_a

Skill      XL: |  1  2  3  4  5  6  7  8  9 10 11 12 13 |
---------------+----------------------------------------+-----
Fighting       | 1 2 3 4 5 6 7 9 10 11 | 11.0
Dodging        | 2 3 4 5 6 7 8 |  8.0
Unarmed Combat | 4 5 6 8 9 10 12 13 | 13.1
Shapeshifting  | 4 5 6 7 8 10 11 12 | 12.1

Action                     |  1- 3 |  4- 6 |  7- 9 | 10-12 | 13-15 || total
---------------------------+-------+-------+-------+-------+-------++-------
  Melee: Unarmed           |    82 |   117 |   254 |   762 |   264 ||  1479
         Punch             |     2 |     3 |     8 |       |       ||    13
 Invoke: Serpent's Lash    |       |       |       |     1 |     1 ||     2
Ability: Lunge             |       |       |    16 |    42 |    14 ||    72
         Whirlwind         |       |       |     6 |    75 |    54 ||   135
         Begin Untransform |       |       |       |     1 |       ||     1
         Wall Jump         |       |       |       |    20 |     7 ||    27
  Evoke: Wand              |       |       |     2 |    10 |     3 ||    15
    Use: Scroll            |       |       |     7 |    14 |     3 ||    24
         Potion            |       |       |     5 |     4 |       ||     9
   Stab: Sleeping          |     1 |     1 |       |       |       ||     2
         Invisible         |       |       |     6 |       |       ||     6
         Petrified         |       |       |       |       |     1 ||     1
 Armour: Animal skin       |    54 |    82 |   194 |   103 |       ||   433
         Robe              |       |       |       |   150 |       ||   150
         Troll leather arm |       |       |       |   310 |   316 ||   626
  Dodge: Dodged            |    50 |    35 |   104 |   360 |   153 ||   702
   Form: Flux              |       |       |       |     2 |       ||     2

Table legend: (Time is in decaauts)
 A = Elapsed time spent in this place.
 B = Non-inter-level travel time spent in this place.
 C = Inter-level travel time spent in this place.
 D = Time resting spent in this place.
 E = Time spent auto-exploring this place.
 F = Levels seen in this place.
 G = Mean time per level.
                   A        B        C        D        E       F      G
               +--------+--------+--------+--------+--------+-----+--------+
         Total |  11972 |  11365 |    607 |     14 |   8729 |  16 |  748.2 |
       Dungeon |   7932 |   7483 |    449 |     14 |   5833 |  10 |  793.2 |
        Temple |     64 |     27 |     37 |      0 |      0 |   1 |   64.0 |
          Lair |   3975 |   3854 |    121 |      0 |   2896 |   5 |  795.0 |
               +--------+--------+--------+--------+--------+-----+--------+

Top non-repeatable levels by time:
     D:9: 1343 daAuts
     D:6: 1160 daAuts
  Lair:4: 1123 daAuts
  Lair:2: 1103 daAuts
  Lair:3: 966 daAuts
     D:1: 855 daAuts
     D:8: 839 daAuts
    D:10: 776 daAuts
     D:2: 722 daAuts
  Lair:1: 660 daAuts
     D:3: 596 daAuts
     D:5: 571 daAuts
     D:7: 547 daAuts
     D:4: 518 daAuts
  Lair:5: 121 daAuts
